 Dungeon Crawl Stone Soup version 0.17.1-2-g5865329 (webtiles) character file.

282 Metrazal the Sneak (level 6, -11/30 HPs)
             Began as a Spriggan Assassin on Feb 7, 2016.
             Mangled by Starbucks's ghost (13 damage)
             ... on level 4 of the Dungeon.
             The game lasted 00:28:37 (3949 turns).

Metrazal the Sneak (Spriggan Assassin)              Turns: 3949, Time: 00:28:37

Health: -11/30     AC:  3    Str:  7    XL:     6   Next: 6%
Magic:  7/7        EV: 21    Int: 13    God:
Gold:   156        SH:  0    Dex: 19    Spells: 0 memorised, 5 levels left

rFire  . . .     SeeInvis +     c - +0 hunting sling
rCold  . . .     Clarity  .     n - +0 robe
rNeg   . . .     SustAt   .     (shield restricted)
rPois  .         Gourm    .     (helmet restricted)
rElec  .         Spirit   .     d - +0 cloak
rCorr  .         Warding  .     (gloves unavailable)
rMut   .         Stasis   .     (boots unavailable)
MR     +....                    (no amulet)
Stlth  +++++.....               (no ring)
                                (no ring)

@: very quick, somewhat resistant to hostile enchantments, quite stealthy
A: unfitting armour, see invisible, herbivore 3, speed 3, slow metabolism 2
a: no special abilities


You were on level 4 of the Dungeon.
You were not hungry.

You visited 1 branch of the dungeon, and saw 4 of its levels.
You also visited: Sewer.

You collected 156 gold pieces.

Inventory:

Hand Weapons
 a - a +2 dagger
 b - a +0 blowgun
 c - a +0 hunting sling (weapon)
Missiles
 e - 35 poisoned needles
 f - 2 curare-tipped needles
 k - 37 stones (quivered)
 m - 17 poisoned arrows
Armour
 d - a +0 cloak (worn)
 n - a +0 robe (worn)
Scrolls
 h - 5 scrolls of teleportation {unknown}
 i - 4 scrolls of identify {unknown}
 j - 4 scrolls of remove curse {unknown}
 q - 2 scrolls of amnesia {unknown}
 r - a scroll of magic mapping {unknown}
 t - a scroll of noise {unknown}
Potions
 l - 4 potions of flight {unknown}
 s - a potion of ambrosia {unknown}
 u - a potion of experience {unknown}
 w - 3 potions of curing {unknown}
Comestibles
 g - 2 bread rations
 o - 4 fruits
 p - a royal jelly


   Skills:
 - Level 1.5 Fighting
 - Level 2.1 Short Blades
 * Level 3.8(4.2) Slings
 - Level 2.0(2.8) Throwing
 + Level 5.5 Dodging
 + Level 7.9 Stealth


You had 5 spell levels left.
You didn't know any spells.

Dungeon Overview and Level Annotations

Branches:
Dungeon (4/15)
 Temple: D:4-7

Altars:
Trog

Annotations:
D:4 Starbucks's ghost, amateur FoFi


Innate Abilities, Weirdness & Mutations

You are tiny and cannot use many weapons and most armour.
You have supernaturally acute eyesight.
You are a herbivore.
You cover ground extremely quickly.
You need consume almost no food.


Message History

Aim: Starbucks's ghost (almost destroyed)
You shoot a stone.
The stone hits Starbucks's ghost but does no damage.
Starbucks's ghost is almost destroyed.
Starbucks's ghost barely misses you.
Firing (i - inventory):
k - 39 stones (quivered)
Press: ? - help, Shift-Dir - straight line, f/p - Starbucks's ghost
Aim: Starbucks's ghost (almost destroyed)
You shoot a stone.
The stone hits Starbucks's ghost but does no damage.
Starbucks's ghost is almost destroyed.
Starbucks's ghost hits you.
* * * LOW HITPOINT WARNING * * *
Firing (i - inventory):
k - 38 stones (quivered)
Press: ? - help, Shift-Dir - straight line, f/p - Starbucks's ghost
Aim: Starbucks's ghost (almost destroyed)
You shoot a stone. The stone hits Starbucks's ghost.
Starbucks's ghost is almost destroyed.
Starbucks's ghost hits you!
You die...

.......(....((.#
#####+#(....((.#
#(....((.#
#(....((.#
#(....((.#
#.....(..#
#.....((.#
#(.((.(..#
#@W(.(.((#
##########


You could see Starbucks's ghost.

Vanquished Creatures
  A big kobold (Sewer)
  A hound (D:4)
  An iguana (D:3)
  A worker ant (D:4)
  2 adders
  5 river rats
  A worm (D:2)
  A giant gecko (D:2)
  6 hobgoblins
  7 jackals
  7 bats
  7 giant cockroaches
  2 giant newts (D:1)
  4 goblins
  8 kobolds
  9 rats
63 creatures vanquished.

Notes
Turn   | Place    | Note
--------------------------------------------------------------
     0 | D:1      | Metrazal the Spriggan Assassin began the quest for the Orb.
     0 | D:1      | Reached XP level 1. HP: 10/10 MP: 2/2
    66 | D:1      | Reached skill level 6 in Stealth
   301 | D:1      | Reached XP level 2. HP: 14/14 MP: 3/3
  1211 | D:1      | Reached XP level 3. HP: 1/18 MP: 4/4
  2027 | D:2      | Found a bloodstained altar of Trog.
  2281 | D:3      | Reached skill level 1 in Slings
  2281 | D:3      | Reached XP level 4. HP: 22/22 MP: 5/5
  2636 | D:3      | Reached skill level 7 in Stealth
  2736 | D:3      | Found a glowing drain.
  2835 | Sewer    | Entered a sewer
  2869 | Sewer    | Reached XP level 5. HP: 3/25 MP: 6/6
  3199 | Sewer    | Noticed a big kobold
  3431 | Sewer    | Killed a big kobold
  3431 | Sewer    | Reached skill level 5 in Dodging
  3490 | Sewer    | Found a glowing silver altar of Zin.
  3656 | D:4      | Noticed Starbucks's ghost (amateur FoFi)
  3728 | D:4      | Reached XP level 6. HP: 24/30 MP: 7/7
  3949 | D:4      | Mangled by Starbucks's ghost

Action                   |  1- 3 |  4- 6 || total
-------------------------+-------+-------++-------
Melee: Dagger            |    68 |    33 ||   101
 Fire: Blowgun           |    16 |    10 ||    26
       Hunting sling     |    53 |   154 ||   207
 Stab: Sleeping          |    12 |       ||    12
       Distracted        |       |     1 ||     1
